% Time on Ice - VICTORIA GLADIATORS
Lines # - Real PCT - Wanted PCT - Time Play
Normal Forward
1 - 34% - 36% - 18:13
2 - 32% - 33% - 16:52
3 - 26% - 24% - 13:39
4 - 9% - 7% - 4:45
Normal Defense
1 - 37% - 40% - 19:57
2 - 33% - 35% - 17:35
3 - 30% - 25% - 15:57
4 - 0% - 0% - 0:00
PP Forward
1 - 41% - 60% - 1:02
2 - 59% - 40% - 1:31
PP Defense
1 - 59% - 60% - 1:31
2 - 41% - 40% - 1:02
PK Forward
1 - 58% - 55% - 2:01
2 - 42% - 45% - 1:28
PK Defense
1 - 56% - 55% - 1:57
2 - 44% - 45% - 1:32
PK3 Forward
1 - 0% - 55%
2 - 0% - 45%
PK3 Defense
1 - 0% - 55%
2 - 0% - 45%
44 Forward
1 - 100% - 52% - 0:29
2 - 0% - 48% - 0:00
44 Defense
1 - 100% - 52% - 0:29
2 - 0% - 48% - 0:00
Last Minute Offensive  - 0:00
Last Minute Defensive  - 0:00
Total
Forward - 60:00
Defense - 60:00
% Time on Ice - LOS ANGELES SEALS
Lines # - Real PCT - Wanted PCT - Time Play
Normal Forward
1 - 36% - 36% - 19:17
2 - 31% - 31% - 16:30
3 - 24% - 23% - 12:50
4 - 9% - 10% - 4:52
Normal Defense
1 - 34% - 36% - 18:06
2 - 35% - 31% - 18:41
3 - 25% - 23% - 13:25
4 - 6% - 10% - 3:17
PP Forward
1 - 40% - 55% - 1:24
2 - 60% - 45% - 2:05
PP Defense
1 - 61% - 55% - 2:07
2 - 39% - 45% - 1:22
PK Forward
1 - 71% - 55% - 1:49
2 - 29% - 45% - 0:44
PK Defense
1 - 50% - 55% - 1:17
2 - 50% - 45% - 1:16
PK3 Forward
1 - 0% - 55%
2 - 0% - 45%
PK3 Defense
1 - 0% - 55%
2 - 0% - 45%
44 Forward
1 - 100% - 55% - 0:29
2 - 0% - 45% - 0:00
44 Defense
1 - 0% - 55% - 0:00
2 - 100% - 45% - 0:29
Last Minute Offensive  - 0:00
Last Minute Defensive  - 0:00
Total
Forward - 60:00
Defense - 60:00
Play-by-Play 1st period 0:01 of 1st period - Dylan Strome wins face-off versus Anze Kopitar in neutral zone. 0:17 of 1st period - Icing by Colton Parayko. 0:18 of 1st period - Mikael Backlund wins face-off versus Kyle Connor in VICTORIA GLADIATORS zone. 1:23 of 1st period - Shot by Johan Larsson. 1:23 of 1st period - Shot Misses the Net. 1:25 of 1st period - Shot by Calvin De Haan. 1:25 of 1st period - Shot Blocked by Filip Hronek. 1:51 of 1st period - Shot by Johan Larsson. 1:51 of 1st period - Deflect By Tyler Toffoli. 1:51 of 1st period - Shot Blocked by Filip Hronek. 2:06 of 1st period - Icing by Patrik Nemeth. 2:07 of 1st period - Dylan Strome wins face-off versus Adam Lowry in VICTORIA GLADIATORS zone. 3:21 of 1st period - Shot by Victor Rask. 3:21 of 1st period - Shot Misses the Net. 3:23 of 1st period - Shot by Colton Parayko. 3:23 of 1st period - Stopped by Linus Ullmark without a rebound. 3:24 of 1st period - Barclay Goodrow wins face-off versus Christian Dvorak in LOS ANGELES SEALS zone. 3:36 of 1st period - Icing by Brandon Carlo. 3:37 of 1st period - Christian Dvorak wins face-off versus Anze Kopitar in LOS ANGELES SEALS zone. 3:37 of 1st period - Christian Dvorak is hit by Anze Kopitar. 4:13 of 1st period - Shot by Matthew Boldy. 4:13 of 1st period - Shot Misses the Net. 4:15 of 1st period - Shot by Matthew Boldy. 4:15 of 1st period - Shot Misses the Net. 4:43 of 1st period - Shot by Juho Lammikko. 4:43 of 1st period - Stopped by Mike Smith with a rebound. 4:45 of 1st period - Shot by Juho Lammikko. 4:45 of 1st period - Shot Misses the Net. 4:47 of 1st period - Shot by Noah Dobson. 4:47 of 1st period - Stopped by Mike Smith with a rebound. 5:00 of 1st period - Icing by Colton Parayko. 5:01 of 1st period - Dylan Strome wins face-off versus Anze Kopitar in VICTORIA GLADIATORS zone. 5:08 of 1st period - Shot by Dylan Strome. 5:08 of 1st period - Stopped by Mike Smith without a rebound. 5:09 of 1st period - Barclay Goodrow wins face-off versus Dylan Strome in VICTORIA GLADIATORS zone. 5:24 of 1st period - Shot by Barclay Goodrow. 5:24 of 1st period - Stopped by Linus Ullmark without a rebound. 5:25 of 1st period - Christian Dvorak wins face-off versus Kasperi Kapanen in LOS ANGELES SEALS zone. 6:36 of 1st period - Shot by Gustav Nyquist. 6:36 of 1st period - Shot Blocked by Patrik Nemeth. 6:38 of 1st period - Shot by Nikita Kucherov. 6:38 of 1st period - Deflect By Gustav Nyquist. 6:38 of 1st period - Shot Blocked by Adam Lowry. 6:40 of 1st period - Shot by Dylan Strome. 6:40 of 1st period - Stopped by Mike Smith without a rebound. 6:41 of 1st period - Barclay Goodrow wins face-off versus Mikael Backlund in VICTORIA GLADIATORS zone. 6:48 of 1st period - Shot by Tyler Toffoli. 6:48 of 1st period - Shot Misses the Net. 7:02 of 1st period - Shot by Nick Bonino. 7:02 of 1st period - Shot Blocked by Johan Larsson. 7:04 of 1st period - Shot by Nicolas Roy. 7:04 of 1st period - Deflect By Nick Bonino. 7:04 of 1st period - Shot Misses the Net. 7:14 of 1st period - Shot by Nick Bonino. 7:14 of 1st period - Stopped by Mike Smith without a rebound. 7:15 of 1st period - Dylan Strome wins face-off versus Kevin Rooney in VICTORIA GLADIATORS zone. 7:26 of 1st period - Shot by Gustav Nyquist. 7:26 of 1st period - Stopped by Mike Smith without a rebound. 7:27 of 1st period - Anze Kopitar wins face-off versus Juho Lammikko in VICTORIA GLADIATORS zone. 8:03 of 1st period - Off-side. 8:04 of 1st period - Dylan Strome wins face-off versus Barclay Goodrow in neutral zone. 8:13 of 1st period - Shot by Gustav Nyquist. 8:13 of 1st period - Shot Misses the Net. 8:18 of 1st period - Minor Penalty to Nikita Kucherov for Roughing. 8:19 of 1st period - Barclay Goodrow wins face-off versus Nick Bonino in LOS ANGELES SEALS zone. 8:57 of 1st period - Shot by Connor Brown. 8:57 of 1st period - Stopped by Linus Ullmark without a rebound. 8:58 of 1st period - Anze Kopitar wins face-off versus Nicolas Roy in LOS ANGELES SEALS zone. 9:21 of 1st period - Shot by Kyle Connor. 9:21 of 1st period - Goal by Kyle Connor - VICTORIA GLADIATORS : 1 - LOS ANGELES SEALS : 0. 9:22 of 1st period - Kevin Rooney wins face-off versus Dylan Strome in neutral zone. 9:42 of 1st period - Icing by Patrik Nemeth. 9:43 of 1st period - Kevin Rooney wins face-off versus Owen Tippett in VICTORIA GLADIATORS zone. 10:06 of 1st period - Shot by Christian Dvorak. 10:06 of 1st period - Stopped by Mike Smith without a rebound. 10:07 of 1st period - Tyler Toffoli wins face-off versus Mikael Backlund in VICTORIA GLADIATORS zone. 10:07 of 1st period - Tyler Toffoli is hit by Nicolas Roy. 10:14 of 1st period - Icing by Brady Skjei. 10:15 of 1st period - Johan Larsson wins face-off versus Mikael Backlund in LOS ANGELES SEALS zone. 10:45 of 1st period - Icing by Calvin De Haan. 10:46 of 1st period - Barclay Goodrow wins face-off versus Dylan Strome in VICTORIA GLADIATORS zone. 11:52 of 1st period - Brady Skjei is hit by Barclay Goodrow and loses puck. 12:19 of 1st period - Shot by Connor Brown. 12:19 of 1st period - Shot Blocked by Nicolas Roy. 13:16 of 1st period - Icing by Patrik Nemeth. 13:17 of 1st period - Adam Lowry wins face-off versus Dylan Strome in VICTORIA GLADIATORS zone. 14:37 of 1st period - Off-side. 14:38 of 1st period - Anze Kopitar wins face-off versus Juho Lammikko in neutral zone. 15:02 of 1st period - Shot by Kyle Connor. 15:02 of 1st period - Stopped by Linus Ullmark without a rebound. 15:03 of 1st period - Johan Larsson wins face-off versus Mikael Backlund in LOS ANGELES SEALS zone. 16:53 of 1st period - Brady Skjei is hit by Anze Kopitar and loses puck. 17:33 of 1st period - Icing by Brandon Carlo. 17:34 of 1st period - Christian Dvorak wins face-off versus Kevin Rooney in LOS ANGELES SEALS zone. 17:49 of 1st period - Shot by Matthew Boldy. 17:49 of 1st period - Stopped by Mike Smith without a rebound. 17:50 of 1st period - Barclay Goodrow wins face-off versus Mikael Backlund in VICTORIA GLADIATORS zone. 18:06 of 1st period - Icing by Filip Hronek. 18:07 of 1st period - Mikael Backlund wins face-off versus Anze Kopitar in LOS ANGELES SEALS zone. 18:21 of 1st period - Shot by Kyle Connor. 18:21 of 1st period - Stopped by Linus Ullmark without a rebound. 18:22 of 1st period - Dylan Strome wins face-off versus Barclay Goodrow in LOS ANGELES SEALS zone. Goals for this period are 1 for VICTORIA GLADIATORS vs 0 for LOS ANGELES SEALS. Shots for this period are 6 for VICTORIA GLADIATORS vs 8 for LOS ANGELES SEALS. 2nd period 0:01 of 2nd period - Mikael Backlund wins face-off versus Alex Newhook in neutral zone. 0:31 of 2nd period - Shot by Kasperi Kapanen. 0:31 of 2nd period - Shot Blocked by Torey Krug. 1:09 of 2nd period - Icing by Anton Stralman. 1:10 of 2nd period - Barclay Goodrow wins face-off versus Dylan Strome in VICTORIA GLADIATORS zone. 1:12 of 2nd period - Icing by Tyler Toffoli. 1:13 of 2nd period - Juho Lammikko wins face-off versus Tyler Toffoli in VICTORIA GLADIATORS zone. 1:16 of 2nd period - Shot by Philip Tomasino. 1:16 of 2nd period - Deflect By Juho Lammikko. 1:16 of 2nd period - Stopped by Mike Smith without a rebound. 1:17 of 2nd period - Dylan Strome wins face-off versus Anze Kopitar in VICTORIA GLADIATORS zone. 1:24 of 2nd period - Shot by Gustav Nyquist. 1:24 of 2nd period - Shot Misses the Net. 2:00 of 2nd period - Shot by Kyle Connor. 2:00 of 2nd period - Stopped by Linus Ullmark without a rebound. 2:01 of 2nd period - Barclay Goodrow wins face-off versus Christian Dvorak in LOS ANGELES SEALS zone. 2:20 of 2nd period - Shot by Barclay Goodrow. 2:20 of 2nd period - Shot Misses the Net. 2:28 of 2nd period - Shot by Christian Dvorak. 2:28 of 2nd period - Shot Blocked by Justin Holl. 2:30 of 2nd period - Shot by Noah Dobson. 2:30 of 2nd period - Stopped by Mike Smith without a rebound. 2:31 of 2nd period - Juho Lammikko wins face-off versus Kasperi Kapanen in VICTORIA GLADIATORS zone. 2:45 of 2nd period - Shot by Philip Tomasino. 2:45 of 2nd period - Shot Misses the Net. 2:47 of 2nd period - Shot by Brady Skjei. 2:47 of 2nd period - Stopped by Mike Smith without a rebound. 2:48 of 2nd period - Anze Kopitar wins face-off versus Mikael Backlund in VICTORIA GLADIATORS zone. 2:53 of 2nd period - Mikael Backlund is hit by Anze Kopitar and loses puck. 4:00 of 2nd period - Adam Lowry is hit by Gustav Nyquist and loses puck. 4:29 of 2nd period - Shot by Adam Lowry. 4:29 of 2nd period - Stopped by Linus Ullmark without a rebound. 4:30 of 2nd period - Barclay Goodrow wins face-off versus Christian Dvorak in LOS ANGELES SEALS zone. 4:46 of 2nd period - Shot by Christian Dvorak. 4:46 of 2nd period - Stopped by Mike Smith with a rebound. 5:45 of 2nd period - Shot by Filip Hronek. 5:45 of 2nd period - Shot Blocked by Jamie Drysdale. 5:47 of 2nd period - Shot by Noah Dobson. 5:47 of 2nd period - Stopped by Mike Smith without a rebound. 5:48 of 2nd period - Anze Kopitar wins face-off versus Dylan Strome in VICTORIA GLADIATORS zone. 5:48 of 2nd period - Anze Kopitar is hit by Nikita Kucherov. 5:57 of 2nd period - Off-side. 5:58 of 2nd period - Anze Kopitar wins face-off versus Mikael Backlund in neutral zone. 6:05 of 2nd period - Shot by Kyle Connor. 6:05 of 2nd period - Shot Misses the Net. 6:07 of 2nd period - Shot by Anze Kopitar. 6:07 of 2nd period - Stopped by Linus Ullmark without a rebound. 6:08 of 2nd period - Dylan Strome w